AoeStats
← danigomezrinaldi

Arabia

510412737Analyzed
1v1 RM · 2d ago on Sep 30, 2026· 38m 8s· 2 players
Game mode
Random Map
Map size
Tiny (2 player)
Population
200
Speed
Normal
Resources
Standard
Victory
Conquest
Starting age
Dark Age
Ending age
Imperial Age
RankedLock teamsTeams togetherTeam positionsShared explorationLock speedFull tech treeHidden civsTurbo modeCheats
Victory
Defeat
🇨🇿 Saxons · Czechia
993
+15
🇦🇷 Franks · Argentina
962
-15
Abraham
5:55 Loom
8:58 Feudal Age
9:44 Double-Bit Axe
19:05 Castle Age
20:08 Scale Mail Armor
20:48 Squires
20:36 Gambesons
23:37 Crossbowman
27:13 Pikeman
28:07 Forging
35:25 Fletching
35:51 Chain Mail Armor
37:12 Arson
danigomezrinaldi
9:55 Loom
13:04 Feudal Age
16:51 Castle Age
15:22 Double-Bit Axe
15:58 Gold Mining
16:21 Stone Mining
17:02 Gold Mining
18:03 Bow Saw
23:17 Wheelbarrow
25:11 Scale Barding Armor
25:17 Forging
26:15 Gold Shaft Mining
32:16 Imperial Age
30:33 Husbandry
30:58 Chain Barding Armor
31:11 Hand Cart
33:09 Iron Casting
32:39 Cavalier
36:29 Plate Barding Armor
Connection lost

Rejoining the realm…

Still unreachable

The connection could not be restored.

Session expired

The server has moved on; the page needs a fresh start.